 Dungeon Crawl Stone Soup version 0.26-a0-466-g989023bd0d (webtiles) character file.

Game seed: 9489308394133659578

119486 bmfx the Gelid (level 16, -8/135 HPs)
             Began as a Palentonga Conjurer on Aug 3, 2020.
             Was a High Priest of Vehumet.
             Mangled by Jorgrun
             ... wielding a +0 vorpal quarterstaff
              (12 damage)
             ... on level 1 of the Spider Nest.
             The game lasted 01:31:07 (36691 turns).

bmfx the Gelid (Palentonga Conjurer)               Turns: 36691, Time: 01:31:07

Health: -8/135     AC: 15    Str: 10    XL:     16   Next: 27%
Magic:  18/59      EV:  8    Int: 26    God:    Vehumet [*****.]
Gold:   1766       SH: 13    Dex: 18    Spells: 14/39 levels left

rFire    . . .     SeeInvis +   K - staff of cold
rCold    + . .     Faith    .   M - +2 kite shield
rNeg     . . .     Spirit   .   J - +4 ring mail "Sebruneb" {+Blink MP+9 Str-2 Dex+5}
rPois    +         Reflect  .   y - +2 helmet
rElec    .         Harm     .   A - +2 cloak {rPois}
rCorr    +                      (no gloves)
MR       +....                  (boots restricted)
Stlth    ..........             Q - amulet of regeneration
HPRegen  0.72/turn              w - ring of Winoaph {MP+9 Int+2}
MPRegen  0.36/turn              T - ring of the Sky {+Inv rCorr MP+9 Dex+4}

@: silence, no potions, very slightly contaminated, studying Fighting
A: large, rugged brown scales 3, see invisible, deformed body, roll, armoured
tail
a: Rolling Charge, Renounce Religion, Evoke Blink, Evoke Invisibility


You were on level 1 of the Spider Nest.
You worshipped Vehumet.
Vehumet was extremely pleased with you.
You visited 4 branches of the dungeon, and saw 24 of its levels.
You also visited: Gauntlet and Volcano.

You collected 2741 gold pieces.
You spent 975 gold pieces at shops.


Innate Abilities, Weirdness & Mutations

You are completely covered in rugged brown scales. (AC +3, +7% HP)
You have supernaturally acute eyesight. (SInv)
Armour fits poorly on your strangely shaped body.
You can roll at foes to attack.
You have a long armoured tail.

Dungeon Overview and Level Annotations

Branches:
Dungeon (15/15)            Temple (0/1) D:7            Lair (6/6) D:10
  Swamp (0/4) Lair:2       Spider (1/4) Lair:3        Slime (0/5) Lair:6
    Orc (2/2) D:9             Elf (0/3) Orc:2        Vaults (0/5) D:13
 Depths (0/5) D:15        Volcano (visited)         Gauntlet (visited)

Altars:
Ashenzari
Dithmenos
Fedhas
Gozag
Kikubaaqudgha
Nemelex Xobeh
Okawaru
Qazlal
Uskayaw
Vehumet
Xom
Yredelemnul
The Shining One

Shops:
D:6 :   D:13 (   D:15 :[:   Orc:1 (   Orc:2 [:(*?[*

Annotations:
D:10 exclusion: obsidian statue
D:14 1 runed translucent door, Otoukem's ghost, journeyman MiBe
Spider:1 Jorgrun


   Skills:
 + Level 12.2 Fighting
 - Level 1.2 Armour
 - Level 1.5 Dodging
 - Level 1.2 Stealth
 - Level 9.0 Shields
 - Level 12.0 Spellcasting
 - Level 8.0 Conjurations
 - Level 4.0 Translocations
 + Level 7.5 Transmutations
 - Level 15.0 Ice Magic
 - Level 4.1 Evocations


You had 14 spell levels left.
You knew the following spells:

 Your Spells              Type           Power        Failure   Level
b - Blink                 Tloc           N/A          2%          2
w - Passwall              Tmut/Erth      #####...     3%          2
A - Ozocubu's Refrigerat  Ice            #######...   1%          6
B - Searing Ray           Conj           ######       1%          2
C - Iskenderun's Mystic   Conj/Tloc      #####...     2%          4
D - Frozen Ramparts       Ice            ######       1%          3
E - Irradiate             Conj/Tmut      ######....   3%          5
F - Magic Dart            Conj           ####         1%          1

Your spell library contained the following spells:

 Spells                   Type           Power        Failure   Level
 Fireball                 Conj/Fire      #####.....   13%         5
 Sting                    Tmut/Pois      ####         1%          1
 Ensorcelled Hibernation  Hex/Ice        ######       1%          2
 Dazzling Flash           Conj/Hex       #####.       1%          3
 Static Discharge         Conj/Air       #####...     1%          3
 Stone Arrow              Conj/Erth      #####.       1%          3
 Sandblast                Erth           ###...       2%          1
 Mephitic Cloud           Conj/Pois/Air  ####....     2%          3
 Iskenderun's Battlesphe  Conj           ######..     2%          5
 Gell's Gravitas          Tloc           #####.....   5%          3
 Lesser Beckoning         Tloc           #####.....   5%          3
 Teleport Other           Tloc           #####...     5%          3
 Fulminant Prism          Conj/Hex       #####.....   5%          4
 Spider Form              Tmut/Pois      #####.....   6%          3
 Animate Skeleton         Necr           ###...       10%         1
 Corona                   Hex            ###....      10%         1
 Pain                     Necr           ###.         10%         1
 Metabolic Englaciation   Hex/Ice        ######....   12%         5
 Lightning Bolt           Conj/Air       #####.....   13%         5
 Poisonous Vapours        Pois/Air       ###...       14%         2
 Yara's Violent Unravell  Hex/Tmut       #####.....   16%         5
 Passage of Golubria      Tloc           N/A          19%         4
 Petrify                  Tmut/Erth      #####...     21%         4
 Bolt of Magma            Conj/Fire/Erth ####......   22%         5
 Olgreb's Toxic Radiance  Pois           ###.....     24%         4
 Confusing Touch          Hex            ###.....     28%         3
 Tukima's Dance           Hex            ###.....     28%         3
 Vampiric Draining        Necr           ###.......   28%         3
 Lee's Rapid Deconstruct  Erth           ###.......   52%         5
 Iron Shot                Conj/Erth      #####.....   54%         6
 Orb of Destruction       Conj           ######....   56%         7
 Animate Dead             Necr           ###.......   67%         4
 Cause Fear               Hex            ###.......   67%         4
 Agony                    Necr           ###.....     95%         5
 Summon Mana Viper        Hex/Summ       ###.....     95%         5
 Eringya's Noxious Bog    Tmut/Pois      #####.....   97%         6
 Spellforged Servitor     Conj/Summ      #####.....   97%         7
 Ignition                 Fire           ###.......   100%        8
 Shatter                  Erth           ###.......   100%        9
 Tornado                  Air            ###.......   100%        9

Action                   |  1- 3 |  4- 6 |  7- 9 | 10-12 | 13-15 | 16-18 || total
-------------------------+-------+-------+-------+-------+-------+-------++-------
Melee: Spear             |       |       |     8 |    13 |       |       ||    21
       Tailslap          |       |       |     2 |     1 |       |     1 ||     4
       Staff             |       |       |       |       |     1 |     1 ||     2
Throw: Dart              |       |       |     1 |     1 |       |       ||     2
 Cast: Magic Dart        |    44 |    70 |    71 |    39 |       |       ||   224
       Searing Ray       |    11 |    33 |    73 |    95 |    31 |       ||   243
       Iskenderun's Myst |       |       |     5 |    12 |       |       ||    17
       Frozen Ramparts   |       |       |       |    25 |       |       ||    25
       Ozocubu's Refrige |       |       |       |    90 |   396 |    81 ||   567
       Irradiate         |       |       |       |       |    17 |     5 ||    22
       Passwall          |       |       |       |       |     1 |       ||     1
 Abil: Rolling Charge    |       |       |     2 |       |       |       ||     2
       Evoke Invisibilit |       |       |       |       |     1 |       ||     1
Evoke: Wand              |       |     1 |     2 |       |     6 |       ||     9
  Use: Scroll            |     2 |     7 |     9 |     9 |    18 |     7 ||    52
       Potion            |       |       |     3 |     3 |     7 |     1 ||    14
Armor: Robe              |     9 |     9 |    25 |     7 |    14 |       ||    64
       Ring mail         |       |       |       |    42 |    20 |     7 ||    69
Dodge: Dodged            |     6 |    18 |    61 |    50 |    34 |     6 ||   175
Block: Buckler           |       |       |       |       |     5 |       ||     5
       Kite shield       |       |       |       |       |    42 |    23 ||    65

Skill      XL: |  1  2  3  4  5  6  7  8  9 10 11 12 13 14 15 16 |
---------------+-------------------------------------------------+-----
Conjurations   | 4 5 7 8 |  8.0
Spellcasting   | 3 4 7 8 11 12 | 12.0
Fighting       | 3 4 5 7 8 10 12 | 12.2
Translocations | 2 4 |  4.0
Evocations     | 3 4 |  4.1
Armour         | 1 |  1.2
Ice Magic      | 5 10 13 15 | 15.0
Shields        | 2 4 9 |  9.0
Transmutations | 4 7 |  7.5
Dodging        | |  1.5
Stealth        | |  1.2

Inventory:

Missiles
 u - 4 throwing nets (quivered) {!f}
 F - 9 curare-tipped darts {!f}
Armour
 l - a scarf of resistance
 y - a +2 helmet (worn)
 z - a +0 cloak of magic resistance
 A - a +2 cloak of poison resistance (worn)
 C - a +2 robe of magic resistance
 J - the +4 ring mail "Sebruneb" (worn) {+Blink MP+9 Str-2 Dex+5}
   (You found it on level 14 of the Dungeon)

   It affects your strength (-2).
   It affects your dexterity (+5).
   It affects your magic capacity (+9).
   It lets you blink.
 M - a +2 kite shield (worn)
 P - the +7 chain mail of the Evening Star {rF+ rC+ Slay+3}
   (You found it on level 4 of the Lair of Beasts)

   It affects your accuracy and damage with ranged weapons and melee attacks
   (+3).
   It protects you from fire.
   It protects you from cold.
Magical Staves
 K - an uncursed staff of cold (weapon)
 U - an uncursed staff of conjuration {!a}
 Z - an uncursed staff of wizardry {!a}
Jewellery
 a - an uncursed ring of protection from cold
 f - an uncursed ring of fire
 h - an uncursed ring of flight
 o - an uncursed ring of positive energy
 q - an uncursed ring of protection from magic
 w - the ring of Winoaph (left hand) {MP+9 Int+2}
   (You found it on level 15 of the Dungeon)

   [ring of magical power]

   It affects your intelligence (+2).
   It affects your magic capacity (+9).
 B - an uncursed ring of protection from magic
 Q - an amulet of regeneration (around neck)
 T - the ring of the Sky (right hand) {+Inv rCorr MP+9 Dex+4}
   (You acquired it on level 5 of the Lair of Beasts)

   [ring of resist corrosion]

   It affects your dexterity (+4).
   It affects your magic capacity (+9).
   It lets you turn invisible.
   It provides partial protection from all sources of acid and corrosion.
Wands
 d - a wand of disintegration (20)
 G - a wand of digging (1)
 I - a wand of polymorph (30)
 O - a wand of clouds (9)
 Y - a wand of iceblast (25)
Scrolls
 b - 8 scrolls of immolation
 e - a scroll of magic mapping
 j - 14 scrolls of remove curse {@r4}
 v - 5 scrolls of fog
 x - a scroll of fear
 D - a scroll of holy word
 E - 14 scrolls of teleportation {@r1}
 S - 2 scrolls of silence
 X - 6 scrolls of identify {@r3}
Potions
 c - a potion of haste {@q4}
 g - a potion of invisibility
 i - 5 potions of ambrosia
 k - a potion of cancellation
 n - 2 potions of resistance
 p - 5 potions of flight
 r - 3 potions of might
 s - 5 potions of magic
 H - 6 potions of curing {@q2}
 L - 6 potions of heal wounds {@q1}
 R - a potion of lignification
Books
 N - a manual of Fighting
Miscellaneous
 W - 3 phantom mirrors

......### ##
........†..#.. ..#
..#..........####..#
......>..........# #
#..........#!...#.#
#.......#........##
##...s.# #.........
#....g## #.§..^....
###.@..###.........
###..†.#...#.......##
#......##.........##
#.............#..#.#
##..............####
#....†#........##
#.......§.#..###
.....†....#^##
.........###


You could see Jorgrun and a demonic crawler.

Vanquished Creatures
  Rupert (D:14)
  Gastronok (D:8)
  Kirke (Lair:5)
  3 frost giants (D:15)
  2 stone giants
  6 dire elephants (Lair:6)
  Azrael (D:15)
  Snorg (D:10)
  2 yaktaur captains (D:15)
  Harold (D:7)
  8 vault guards
  Erolcha (D:9)
  13 hydras
  4 catoblepae
  3 two-headed ogres
  An anaconda (Lair:6)
  A queen ant (D:9)
  4 centaur warriors
  3 death yaks (Lair:5)
  A deep troll earth mage (D:15)
  A deep troll shaman (D:15)
  A spriggan (D:15)
  Urug (D:10)
  Sonja (Lair:5)
  5 skeletal warriors (D:15)
  A glowing orange brain (shapeshifter) (D:15)
  An unseen horror (D:14)
  A wizard (D:15)
  4 orc knights (Orc:2)
  An orb spider (Spider:1)
  A wolf spider (Spider:1)
  A deep elf mage (D:15)
  2 orc sorcerers
  7 cyclopes
  3 ugly things (D:14)
  2 guardian serpents (D:15)
  2 guardian serpents (shapeshifter)
  Joseph (D:7)
  17 elephants
  2 black mambas
  10 cane toads
  Psyche (D:8)
  5 gargoyles
  9 komodo dragons
  7 centaur skeletons
  3 rime drakes
  5 yaktaurs (D:15)
  A demonic crawler (Spider:1)
  2 freezing wraiths (D:15)
  2 efreet
  A kobold demonologist (D:15)
  A troll (Orc:2)
  2 jumping spiders
  A polar bear (Lair:5)
  A meliai (D:15)
  8 hippogriffs
  3 hornets
  2 bog bodies (Lair:2)
  A raiju (shapeshifter) (D:13)
  17 blink frogs
  3 slime creatures
  6 dream sheep (Lair:3)
  2 redbacks (Lair:3)
  4 tarantellas (Spider:1)
  A centaur simulacrum (D:14)
  2 shadows
  6 wyverns
  7 hogs (Lair:5)
  10 basilisks
  44 yaks
  A steam dragon (D:12)
  3 fire elementals
  3 wargs
  19 soldier ants
  14 water moccasins
  Duvessa (D:6)
  8 porcupines
  2 floating eyes (D:15)
  2 hell hounds (D:15)
  38 orc warriors
  3 necrophages
  5 ice beasts
  3 phantoms
  5 sky beasts
  7 ogres
  5 boggarts (D:15)
  6 wolves
  25 centaurs
  2 big kobolds
  14 crocodiles
  Blork the orc (D:6)
  16 bullfrogs
  An earth elemental (Volcano)
  Dowan (D:6)
  A water moccasin zombie (D:10)
  A water moccasin skeleton (D:6)
  A scorpion (D:10)
  A wyvern skeleton (D:13)
  10 killer bees
  13 wights
  3 vampire bats (D:7)
  2 howler monkeys
  2 electric eels (D:7)
  A bullfrog zombie (D:10)
  3 centaur zombies
  3 bullfrog skeletons
  5 jellies
  4 hounds
  A gnoll shaman (D:8)
  11 orc priests
  31 worker ants
  An iguana (D:11)
  6 orc wizards
  A hound zombie (D:7)
  A worker ant zombie (D:7)
  16 adders
  11 gnolls
  2 shadow imps
  2 ufetubi
  3 oozes
  2 adder skeletons
  3 adder zombies
  A worm (D:2)
  8 leopard geckos
  73 orcs
  7 bats
  A bat skeleton (D:7)
  3 bat zombies (D:7)
  2 giant cockroaches
  9 goblins
  6 hobgoblins
  6 jackals
  13 kobolds
  8 quokkas
  2 ball pythons
  5 frilled lizards
  A jackal skeleton (D:4)
  A leopard gecko skeleton (D:5)
  A quokka skeleton (D:9)
  A quokka zombie (D:9)
  9 rats
  3 bushes
  2 butterflies (D:7)
  58 fungi
  59 plants
885 creatures vanquished.

Vanquished Creatures (others)
  3 fungi
  5 plants
  2 withered plants (D:14)
10 creatures vanquished.

Grand Total: 895 creatures vanquished

Levels and vault maps discovered:
D:1:      dpeg_arrival_subterranean_lakeside_camping, layout_rooms
D:2:      layout_rooms, kennysheep_nub
D:3:      layout_basic, fiery_altar_vehumet, nemelex_altar_shiori,
          grunt_dithmenos_smoke
D:4:      layout_rooms, marbit_many_paths, doesnt_xom_only_xom
D:5:      layout_gridville, grunt_temple_overflow_holy_war,
          fedhas_ov_isle_minmay
D:6:      layout_loops_ring, serial_shops, shop_statue, uniq_duvessa,
          uniq_blork_the_orc
D:7:      layout_loops_ring, lemuel_round_altar, kennysheep_vampire_church,
          nicolae_gozag_seed_capital, minmay_temple_entry_butterflies,
          lightli_minifort
D:8:      layout_cave_pools, nicolae_overflow_hidden_temple,
          serial_column_ruins, column_ruins_square_medium, column_ruins_grid_2,
          column_ruins_columns_straight, column_ruins_open_small,
          column_ruins_open_tiny, uniq_psyche, uniq_joseph, uniq_gastronok,
          uniq_harold
D:9:      layout_basic, nicolae_overflow_crystal_walls, david_orc_2,
          minivault_29, uniq_erolcha
D:10:     layout_roguey, lair_entry_dummy, minmay_statue_bubble, uniq_urug,
          uniq_snorg
D:11:     layout_gridville, hive_lemuel
D:12:     layout_rooms
D:13:     layout_cave_pods, lightli_vaults_fourway_checkpoint, serial_shops,
          nicolae_shop_behind_doors
D:14:     layout_big_octagon, gammafunk_ghost_grave, lemuel_tele_altar,
          uniq_rupert
D:15:     hangedman_spin_cycle
Lair:1:   layout_chaotic_city, chequers_serial_rivers_micro_b,
          grunt_megastairs_5
Lair:2:   layout_chaotic_city, skrybe_swamp_entry_bodies,
          hangedman_lair_generics_rect
Lair:3:   layout_roguey, spider_nest_entry_a, beast_lair_carwin_8
Lair:4:   layout_regular_city
Lair:5:   beast_lair_carwin_large_2, layout_small_grid, st_stairs_5,
          serial_bayou_shore_b, infiniplex_staircase_pool_2, uniq_sonja,
          uniq_kirke
Lair:6:   due_jungle_book, layout_regular_city, minmay_slime_entry_pillars,
          gauntlet_entry_generic, grunt_forest_stairs_basic,
          grunt_forest_small_clearings
Spider:1: layout_spider_delve, nicolae_spider_webs_and_nodes, uniq_louise,
          uniq_jorgrun, uniq_frances
Orc:1:    layout_caves, nicolae_volcano_entry_lava_flow, serial_shops,
          shop_statue, basic_altar
Orc:2:    st_orc_rangers, layout_caves, serial_shops, nicolae_shop_trees,
          nicolae_shop_temple_entry_statues_fountains, shop,
          nicolae_orc_lava_room


Message History

As you read the scroll of blinking {@r2}, it crumbles to dust.
Found a spear.
Press: ? - help, Dir - move target cursor
As you read the scroll of blinking {@r2}, it crumbles to dust.
Evoke which item? (* to show all) (? for menu, Esc to quit)
Evoke which item? (* to show all) (? for menu, Esc to quit)
That's the wrong kind of item! (Use * to select it.) Evoke which item? (* to show all) (? for menu, Esc to quit)
Okay, then.
Okay, then.
Evoke which item? (* to show all) (? for menu, Esc to quit)
Evoke which item? (* to show all) (? for menu, Esc to quit)
That's the wrong kind of item! (Use * to select it.) Evoke which item? (* to show all) (? for menu, Esc to quit)
Okay, then.
Unknown command.
As you read the scroll of silence, it crumbles to dust.
A profound silence engulfs you.
Jorgrun hits you with a +0 vorpal quarterstaff!
You die...

Notes
Turn   | Place    | Note
-------+----------+-------------------------------------------
     0 | D:1      | bmfx the Palentonga Conjurer began the quest for the Orb.
     0 | D:1      | Reached XP level 1. HP: 13/13 MP: 3/3
   254 | D:1      | Reached XP level 2. HP: 20/20 MP: 3/5
   291 | D:1      | Learned a level 2 spell: Searing Ray
  1007 | D:1      | Reached XP level 3. HP: 25/25 MP: 2/7
  1515 | D:2      | Reached XP level 4. HP: 32/32 MP: 3/8
  2605 | D:3      | Found a radiant altar of Vehumet.
  2652 | D:3      | Reached XP level 5. HP: 37/37 MP: 7/10
  3008 | D:3      | Reached skill level 1 in Fighting
  3132 | D:3      | Found a sparkling altar of Nemelex Xobeh.
  3517 | D:3      | Found a shadowy altar of Dithmenos.
  3593 | D:3      | Became a worshipper of Vehumet
  3832 | D:4      | Found an iron altar of Okawaru.
  3999 | D:4      | Found a shimmering altar of Xom.
  4020 | D:4      | Found a radiant altar of Vehumet.
  4020 | D:4      | Found a radiant altar of Vehumet.
  4022 | D:4      | Found a shimmering altar of Xom.
  4022 | D:4      | Found a stormy altar of Qazlal.
  4022 | D:4      | Found a shattered altar of Ashenzari.
  4083 | D:4      | Reached XP level 6. HP: 41/50 MP: 11/11
  4235 | D:5      | Entered Level 5 of the Dungeon
  4633 | D:5      | Reached skill level 5 in Conjurations
  4815 | D:5      | Reached * piety under Vehumet
  4815 | D:5      | Offered knowledge of Foxfire by Vehumet.
  4915 | D:5      | Found a blossoming altar of Fedhas.
  4985 | D:5      | Found a glowing golden altar of the Shining One.
  4995 | D:5      | Found a basalt altar of Yredelemnul.
  4997 | D:5      | Noticed a profane servitor
  5220 | D:5      | Noticed an angel
  5349 | D:6      | Noticed Blork the orc
  5359 | D:6      | Killed Blork the orc
  5436 | D:6      | Reached XP level 7. HP: 57/57 MP: 13/13
  5793 | D:6      | Noticed Dowan
  5894 | D:6      | Learned a level 4 spell: Iskenderun's Mystic Blast
  5951 | D:6      | Found Woaps's Book Boutique.
  6351 | D:7      | Found an opulent altar of Gozag.
  6383 | D:7      | Found a staircase to the Ecumenical Temple.
  6385 | D:7      | Reached skill level 1 in Translocations
  6823 | D:7      | Reached XP level 8. HP: 64/64 MP: 14/14
  7089 | D:7      | Reached ** piety under Vehumet
  7172 | D:7      | Offered knowledge of Shock by Vehumet.
  7172 | D:7      | Reached skill level 1 in Evocations
  7278 | D:7      | Noticed a hippogriff
  7285 | D:7      | Killed a hippogriff
  7627 | D:7      | Found an ancient bone altar of Kikubaaqudgha.
  7871 | D:7      | Found a hide-covered altar of Uskayaw.
  8042 | D:8      | Noticed Psyche
  8106 | D:7      | Reached skill level 5 in Fighting
  8249 | D:8      | Noticed Joseph
  8325 | D:8      | Reached XP level 9. HP: 72/72 MP: 16/16
  8328 | D:8      | Reached skill level 5 in Spellcasting
  8383 | D:8      | Found a shimmering altar of Xom.
  8420 | D:8      | Noticed Harold
  8606 | D:9      | Offered knowledge of Inner Flame by Vehumet.
  8617 | D:9      | Noticed Erolcha
  9384 | D:6      | Noticed Duvessa
  9393 | D:6      | Killed Duvessa
  9416 | D:6      | Killed Dowan
  9743 | D:7      | Killed Harold
 10422 | D:9      | Reached *** piety under Vehumet
 10536 | D:9      | Reached XP level 10. HP: 62/84 MP: 19/20
 10720 | D:8      | Noticed a two-headed ogre
 10937 | D:7      | Killed Joseph
 11261 | D:8      | Noticed Gastronok
 11281 | D:8      | Killed Psyche
 11292 | D:8      | Offered knowledge of Frozen Ramparts by Vehumet.
 11292 | D:8      | Reached skill level 1 in Armour
 11467 | D:7      | Learned a level 3 spell: Frozen Ramparts
 11727 | D:9      | Reached skill level 1 in Ice Magic
 11890 | D:9      | Reached skill level 2 in Ice Magic
 11921 | D:9      | Reached skill level 3 in Ice Magic
 12070 | D:8      | Killed a two-headed ogre
 12070 | D:8      | Reached skill level 4 in Ice Magic
 12376 | D:9      | Reached skill level 5 in Ice Magic
 12834 | D:9      | Reached XP level 11. HP: 92/92 MP: 17/23
 12914 | D:9      | Reached skill level 6 in Ice Magic
 12949 | D:9      | Noticed a queen ant
 12968 | D:9      | Killed a queen ant
 12968 | D:9      | Reached **** piety under Vehumet
 13419 | D:9      | Found a shattered altar of Ashenzari.
 13439 | D:9      | Offered knowledge of Lightning Bolt by Vehumet.
 13589 | D:10     | Entered Level 10 of the Dungeon
 13607 | D:10     | Reached skill level 7 in Ice Magic
 13622 | D:10     | Noticed an obsidian statue
 13997 | D:10     | Noticed Urug
 14468 | D:10     | Reached ***** piety under Vehumet
 14468 | D:10     | Reached skill level 8 in Ice Magic
 14527 | D:10     | Found a staircase to the Lair.
 14536 | Lair:1   | Entered Level 1 of the Lair of Beasts
 14549 | Lair:1   | Offered knowledge of Ozocubu's Refrigeration by Vehumet.
 14569 | Lair:1   | Learned a level 6 spell: Ozocubu's Refrigeration
 14683 | Lair:1   | Noticed an eight-headed hydra
 14919 | Lair:1   | Noticed an eight-headed hydra
 15502 | Lair:2   | Found a staircase to the Swamp.
 15525 | Lair:2   | Reached skill level 9 in Ice Magic
 15933 | Lair:2   | Noticed a seven-headed hydra
 15935 | Lair:2   | Killed a seven-headed hydra
 15935 | Lair:2   | Reached skill level 10 in Ice Magic
 16117 | Lair:2   | Reached XP level 12. HP: 80/98 MP: 22/24
 16235 | Lair:2   | Noticed a six-headed hydra
 16239 | Lair:2   | Killed a six-headed hydra
 16491 | Lair:2   | You fall into a shaft and drop 2 floors!
 16544 | Lair:4   | Reached skill level 11 in Ice Magic
 16667 | Lair:4   | Got an ancient chain mail
 16832 | Lair:2   | Noticed a four-headed hydra
 16834 | Lair:2   | Killed a four-headed hydra
 16900 | Lair:2   | Noticed a four-headed hydra
 16906 | Lair:2   | Killed a four-headed hydra
 17193 | Lair:2   | Reached skill level 12 in Ice Magic
 17638 | Lair:1   | Killed an eight-headed hydra
 17853 | Lair:1   | Killed an eight-headed hydra
 17853 | Lair:1   | Offered knowledge of Irradiate by Vehumet.
 17860 | Lair:1   | Learned a level 5 spell: Irradiate
 18357 | Lair:3   | Found a hole to the Spider Nest.
 18438 | Lair:3   | Reached skill level 13 in Ice Magic
 18439 | Lair:3   | Noticed an eight-headed hydra
 18441 | Lair:3   | Killed an eight-headed hydra
 18559 | Lair:3   | Reached XP level 13. HP: 104/104 MP: 18/25
 19058 | Lair:3   | Reached skill level 1 in Shields
 20601 | Lair:5   | Identified a scroll of acquirement
 20602 | Lair:5   | Acquired the ring of the Sky {+Inv rCorr MP+9 Dex+4}
 20807 | Lair:5   | Reached skill level 14 in Ice Magic
 20891 | Lair:5   | Got a faintly glowing scale mail
 21016 | Lair:5   | Noticed Sonja
 21017 | Lair:5   | Killed Sonja
 21191 | Lair:5   | Noticed Kirke
 21209 | Lair:5   | Killed Kirke
 21347 | Lair:5   | Got a glittering diamond amulet
 21675 | Lair:5   | Identified the amulet "Misestocs" {Spirit rC+} (You found
                  | it on level 5 of the Lair of Beasts)
 22301 | Lair:6   | Entered Level 6 of the Lair of Beasts
 22349 | Lair:6   | Reached skill level 15 in Ice Magic
 22516 | Lair:6   | Found a gate leading to a gauntlet.
 22536 | Gauntlet | Entered a Gauntlet
 22536 | Gauntlet | Found a transporter.
 22536 | Gauntlet | Found a transporter.
 22536 | Gauntlet | Found a transporter.
 22540 | Gauntlet | Learned a level 2 spell: Blink
 22540 | Gauntlet | Found a transporter.
 22543 | Gauntlet | Found a transporter.
 22543 | Gauntlet | Found a transporter.
 22553 | Gauntlet | Found a transporter.
 22557 | Gauntlet | Found a transporter.
 22559 | Gauntlet | Found a large runed translucent door.
 22560 | Gauntlet | Found a large runed translucent door.
 22561 | Gauntlet | Found a large runed translucent door.
 22561 | Gauntlet | Found a large runed translucent door.
 22561 | Gauntlet | Found a runed translucent door.
 22561 | Gauntlet | Found a runed translucent door.
 22562 | Gauntlet | Found a large runed translucent door.
 22562 | Gauntlet | Found a large runed translucent door.
 22562 | Gauntlet | Found a large runed translucent door.
 22562 | Gauntlet | Found a large runed translucent door.
 22563 | Gauntlet | Found a large runed translucent door.
 22563 | Gauntlet | Found a large runed translucent door.
 22564 | Gauntlet | Found a large runed translucent door.
 22564 | Gauntlet | Found a large runed translucent door.
 22565 | Gauntlet | Found a runed translucent gate.
 22565 | Gauntlet | Found a runed translucent gate.
 22565 | Gauntlet | Found a runed translucent gate.
 22567 | Gauntlet | Found a transporter.
 22578 | Gauntlet | Found a large runed translucent door.
 22579 | Gauntlet | Found a large runed translucent door.
 22588 | Gauntlet | Found a large runed translucent door.
 22588 | Gauntlet | Found a large runed translucent door.
 22669 | Gauntlet | Found a transporter.
 22673 | Gauntlet | Found a transporter.
 22681 | Gauntlet | Noticed an entropy weaver
 22689 | Gauntlet | Found a transporter.
 23121 | Lair:6   | Reached XP level 14. HP: 113/113 MP: 26/26
 23166 | Lair:6   | Found a staircase to the Slime Pits.
 24141 | Lair:6   | Got a sheer robe
 24152 | Lair:6   | Identified the +2 robe of Eternal Vigilance {Str+4} (You
                  | found it on level 6 of the Lair of Beasts)
 24173 | Lair:6   | Identified the cursed +1 scale mail "Ceugra" {Harm rF-
                  | Regen+} (You found it on level 5 of the Lair of Beasts)
 24184 | Lair:6   | Identified the +7 chain mail of the Evening Star {rF+ rC+
                  | Slay+3} (You found it on level 4 of the Lair of Beasts)
 24604 | Lair:6   | Reached skill level 10 in Fighting
 25140 | Lair:6   | Found a staircase to the Slime Pits.
 26080 | D:10     | Killed Urug
 26080 | D:10     | Reached skill level 10 in Spellcasting
 26182 | D:10     | Noticed Snorg
 26188 | D:10     | Killed Snorg
 26609 | D:8      | Killed Gastronok
 27077 | D:9      | Killed Erolcha
 27240 | D:9      | Found a staircase to the Orcish Mines.
 27323 | D:11     | Offered knowledge of Freezing Cloud by Vehumet.
 27456 | D:11     | Identified Sif Muna's Compendium of Contamination
 28831 | D:12     | You fall into a shaft and drop 2 floors!
 28936 | D:14     | Found a runed translucent door.
 28965 | D:14     | Noticed Otoukem's ghost (journeyman MiBe)
 28970 | D:14     | Got a faintly glowing ring mail
 29490 | D:12     | Identified the +4 ring mail "Sebruneb" {+Blink MP+9 Str-2
                  | Dex+5} (You found it on level 14 of the Dungeon)
 29808 | Lair:6   | Identified the Disquisition on Curses and the Snowflakes
 29995 | D:13     | Found a gate to the Vaults.
 29998 | D:13     | Reached XP level 15. HP: 125/125 MP: 30/30
 30134 | D:13     | Reached skill level 5 in Shields
 30850 | D:13     | Found Saqerin's Weapon Emporium.
 31065 | D:14     | Noticed Rupert
 31069 | D:14     | Killed Rupert
 31290 | D:14     | Found a sparkling altar of Nemelex Xobeh.
 31461 | D:14     | Learned a level 2 spell: Passwall
 31500 | D:15     | Entered Level 15 of the Dungeon
 31752 | D:15     | Offered knowledge of Starburst by Vehumet.
 31823 | D:15     | Found a staircase to the Depths.
 32014 | D:15     | Identified the ring of Winoaph {MP+9 Int+2} (You found it
                  | on level 15 of the Dungeon)
 32167 | D:15     | Found Xiryh's Book Emporium.
 32241 | D:15     | Noticed a frost giant
 32333 | D:15     | Killed a frost giant
 32496 | D:15     | Found Rolidugo's Book Emporium.
 32675 | D:15     | Found a transporter.
 32678 | D:15     | Identified the ring "Qeqettu" {Str+6 Dex+4} (You found it
                  | on level 15 of the Dungeon)
 32865 | D:15     | Found Nykk's Antique Armour Boutique.
 32904 | D:15     | Bought a runed cloak for 217 gold pieces
 32937 | D:15     | Reached skill level 1 in Transmutations
 33006 | D:15     | Identified the ring "Qevon" {+Inv rN+ Stlth+} (You found it
                  | on level 15 of the Dungeon)
 33050 | D:15     | Offered knowledge of Conjure Ball Lightning by Vehumet.
 33157 | D:15     | Noticed a frost giant
 33168 | D:15     | Killed a frost giant
 33242 | D:15     | Noticed Azrael
 33244 | D:15     | Killed Azrael
 33487 | D:15     | Found a transporter.
 33541 | D:15     | Noticed a frost giant
 33547 | D:15     | Killed a frost giant
 33547 | D:15     | Reached XP level 16. HP: 117/135 MP: 32/32
 33694 | Orc:1    | Entered Level 1 of the Orcish Mines
 33694 | Orc:1    | Found Kivogin's Weapon Emporium.
 33805 | Orc:1    | Found a dark tunnel.
 33814 | Volcano  | Entered a volcano
 34101 | Volcano  | Reached skill level 5 in Transmutations
 34577 | Orc:2    | Entered Level 2 of the Orcish Mines
 34714 | Orc:2    | Found Arriul's General Store.
 34919 | Orc:2    | Found a staircase to the Elven Halls.
 34937 | Orc:2    | Found Piti's Book Boutique.
 34960 | Orc:1    | Found a radiant altar of Vehumet.
 35546 | Orc:2    | Offered knowledge of Fireball by Vehumet.
 35786 | Orc:2    | Found Demak's Magic Scroll Emporium.
 35786 | Orc:2    | Found Xefaceom's General Store.
 35789 | Orc:2    | Found Cyvy's Armour Shoppe.
 35790 | Orc:2    | Found Gueghefe's Antique Weapon Shop.
 35798 | Orc:2    | Bought a scroll of fear for 42 gold pieces
 35798 | Orc:2    | Bought a scroll of blinking for 90 gold pieces
 35798 | Orc:2    | Bought a scroll of teleportation for 36 gold pieces
 35798 | Orc:2    | Bought a scroll of teleportation for 36 gold pieces
 35837 | Orc:2    | Found Goigeapi's Antique Armour Boutique.
 35870 | Orc:2    | Bought a shiny kite shield for 232 gold pieces
 35891 | Orc:2    | Bought a runed cloak for 232 gold pieces
 36205 | Orc:2    | Bought a scroll of enchant armour for 90 gold pieces
 36566 | Spider:1 | Entered Level 1 of the Spider Nest
 36679 | Spider:1 | Noticed Jorgrun
 36688 | Spider:1 | HP: 2/135 [Jorgrun/iron shot (45)]
 36691 | Spider:1 | Mangled by Jorgrun
